3A
CAPE CORAL REEFERS @ MT. VERNON BULLS
08/21/2038
 
TOP OF THE 1ST
Cape Coral Reefers batting - Pitching for Mt. Vernon Bulls : RHP Fraser Long
Pitching: RHP Fraser Long
Batting: LHB Pat Carter 0-0: Ball
1-0: Ball
2-0: Ball
3-0: Base on Balls
Batting: LHB Fernando Negrete 0-0: Ball
1-0: Grounds into double play, 6-4-3 (Groundball, 6, EV 85.0 MPH)
Batting: LHB Pedro Guerrero 0-0: Ball
1-0: Foul Ball, location: 2F
1-1: Ball
2-1: Ball
3-1: Called Strike
3-2: Foul Ball, location: 2F
3-2: Strikes out looking
Top of the 1st over - 0 runs, 0 hits, 0 errors, 0 left on base; Cape Coral 0 - Mt. Vernon 0
BOTTOM OF THE 1ST
Mt. Vernon Bulls batting - Pitching for Cape Coral Reefers : RHP Buzzy Grossman
Pitching: RHP Buzzy Grossman
Batting: RHB Ned Lyons 0-0: Called Strike
0-1: Ground out 5-3 (Groundball, 56, EV 100.0 MPH)
Batting: LHB Ramón Torres 0-0: Called Strike
0-1: Ball
1-1: Fly out, F7 (Flyball, 7, EV 91.9 MPH)
Batting: LHB Ben Bullock 0-0: Foul Ball, location: 2F
0-1: Foul Ball, location: 2F
0-2: Strikes out swinging
Bottom of the 1st over - 0 runs, 0 hits, 0 errors, 0 left on base; Cape Coral 0 - Mt. Vernon 0
TOP OF THE 2ND
Cape Coral Reefers batting - Pitching for Mt. Vernon Bulls : RHP Fraser Long
Batting: RHB Jeff Bowers 0-0: Called Strike
0-1: Called Strike
0-2: Strikes out looking
Batting: RHB Sadiya Seth 0-0: Ball
1-0: Ball
2-0: Fly out, F7 (Line Drive, 7, EV 103.8 MPH)
Batting: LHB Mike Fisher 0-0: Called Strike
0-1: Ball
1-1: Called Strike
1-2: Strikes out swinging
Top of the 2nd over - 0 runs, 0 hits, 0 errors, 0 left on base; Cape Coral 0 - Mt. Vernon 0
BOTTOM OF THE 2ND
Mt. Vernon Bulls batting - Pitching for Cape Coral Reefers : RHP Buzzy Grossman
Batting: RHB Cyrillo Watson 0-0: Ball
1-0: Called Strike
1-1: Ball
2-1: Called Strike
2-2: Strikes out looking
Batting: RHB Joe Smith 0-0: Ball
1-0: Ball
2-0: SINGLE (Groundball, 6, EV 78.1 MPH) (infield hit)
Batting: RHB Mike O'Neill 0-0: Called Strike
0-1: Ball
1-1: Ball
2-1: Foul Ball, location: 2F
2-2: Foul Ball, location: 2F
2-2: DOUBLE (Groundball, 3D, EV 104.4 MPH)
Joe Smith to third
Runner from 3rd tries for Home, SAFE, throw by RF to trailing runner, SAFE at third!
Batting: RHB José González 0-0: Called Strike
0-1: Ball
1-1: Swinging Strike
1-2: Foul Ball, location: 2F
1-2: Foul Ball, location: 2F
1-2: Foul Ball, location: 2F
1-2: Foul Ball, location: 2F
1-2: Ball
2-2: DOUBLE (Groundball, 5L, EV 95.0 MPH)
Mike O'Neill scores
Batting: RHB Roberto Sánchez 0-0: SINGLE (Groundball, 56D, EV 101.2 MPH)
José González to third
Runner from 3rd tries for Home, SAFE, no throw by LF
Batting: RHB Claudio Corona 0-0: Ball
Passed Ball!
Roberto Sánchez to second
1-0: Ball
2-0: Swinging Strike
2-1: Ball
3-1: Foul Ball, location: 2F
3-2: Foul Ball, location: 2F
3-2: Foul Ball, location: 2F
3-2: Strikes out swinging
Batting: RHB Ned Lyons 0-0: Foul Ball, location: 2F
0-1: Ball
1-1: Foul Ball, location: 2F
1-2: Ball
2-2: Ball
3-2: Base on Balls
Batting: LHB Ramón Torres 0-0: Ball
1-0: Foul Ball, location: 2F
1-1: Ground out U3 (Groundball, 34, EV 103.8 MPH)
Bottom of the 2nd over - 3 runs, 4 hits, 0 errors, 2 left on base; Cape Coral 0 - Mt. Vernon 3
TOP OF THE 3RD
Cape Coral Reefers batting - Pitching for Mt. Vernon Bulls : RHP Fraser Long
Batting: RHB Dave Hill 0-0: Ball
1-0: Ground out 6-3 (Groundball, 6, EV 85.6 MPH)
Batting: RHB Jim Robbins 0-0: Called Strike
0-1: Swinging Strike
0-2: Strikes out looking
Batting: RHB Doug Olsen 0-0: Called Strike
0-1: Foul Ball, location: 2F
0-2: Ball
1-2: Foul Ball, location: 2F
1-2: Ball
2-2: Ball
3-2: Ground out 5-3 (Groundball, 56, EV 99.4 MPH)
Top of the 3rd over - 0 runs, 0 hits, 0 errors, 0 left on base; Cape Coral 0 - Mt. Vernon 3
BOTTOM OF THE 3RD
Mt. Vernon Bulls batting - Pitching for Cape Coral Reefers : RHP Buzzy Grossman
Batting: LHB Ben Bullock 0-0: Called Strike
0-1: Ball
1-1: Called Strike
1-2: Foul Ball, location: 2F
1-2: Ball
2-2: Fly out, F8 (Flyball, 8LD, EV 92.5 MPH)
Batting: RHB Cyrillo Watson 0-0: Ball
1-0: Called Strike
1-1: Fly out, F8 (Flyball, 8RM, EV 95.6 MPH)
Batting: RHB Joe Smith 0-0: Ball
1-0: Foul Ball, location: 2F
1-1: Swinging Strike
1-2: Ball
2-2: Hit by Pitch
Batting: RHB Mike O'Neill 0-0: Ball
1-0: Ball
2-0: Ground out 4-3 (Groundball, 4, EV 88.1 MPH)
Bottom of the 3rd over - 0 runs, 0 hits, 0 errors, 1 left on base; Cape Coral 0 - Mt. Vernon 3
TOP OF THE 4TH
Cape Coral Reefers batting - Pitching for Mt. Vernon Bulls : RHP Fraser Long
Batting: LHB Pat Carter 0-0: Foul Ball, location: 2F
0-1: Ball
1-1: SINGLE (Flyball, 9S, EV 88.1 MPH)
Batting: LHB Fernando Negrete 0-0: Ball
1-0: Foul Ball, location: 2F
1-1: Ball
2-1: Foul Ball, location: 2F
2-2: Strikes out swinging
Batting: LHB Pedro Guerrero 0-0: Ball
1-0: Called Strike
1-1: Ball
2-1: Ball
3-1: Called Strike
3-2: Foul Ball, location: 2F
3-2: Fly out, F5 (Line Drive, 5, EV 65.0 MPH)
Batting: RHB Jeff Bowers 0-0: Called Strike
0-1: Foul Ball, location: 2F
0-2: Strikes out swinging
Top of the 4th over - 0 runs, 1 hit, 0 errors, 1 left on base; Cape Coral 0 - Mt. Vernon 3
BOTTOM OF THE 4TH
Mt. Vernon Bulls batting - Pitching for Cape Coral Reefers : RHP Buzzy Grossman
Batting: RHB José González 0-0: Ball
1-0: Ball
2-0: Called Strike
2-1: Foul Ball, location: 2F
2-2: Ball
3-2: Foul Ball, location: 2F
3-2: Base on Balls
Batting: RHB Roberto Sánchez 0-0: Foul Ball, location: 2F
0-1: Ball
1-1: Foul Ball, location: 2F
1-2: Fly out, F8 (Flyball, 8LM, EV 91.9 MPH)
Batting: RHB Claudio Corona 0-0: Called Strike
0-1: Ball
1-1: Foul Ball, location: 2F
1-2: SINGLE (Line Drive, 9S, EV 93.8 MPH)
José González to second
Batting: RHB Ned Lyons 0-0: Ball
1-0: Called Strike
1-1: Called Strike
José González steals 3rd base
Claudio Corona to second
1-2: Ground out U3 (Groundball, 34S, EV 82.5 MPH)
José González scores
Claudio Corona to third
Batting: LHB Ramón Torres 0-0: Called Strike
0-1: Ball
1-1: Foul Ball, location: 2F
1-2: Fly out, F8 (Flyball, 8LM, EV 86.9 MPH)
Bottom of the 4th over - 1 run, 1 hit, 0 errors, 1 left on base; Cape Coral 0 - Mt. Vernon 4
TOP OF THE 5TH
Cape Coral Reefers batting - Pitching for Mt. Vernon Bulls : RHP Fraser Long
Batting: RHB Sadiya Seth 0-0: Ball
1-0: Called Strike
1-1: Swinging Strike
1-2: Foul Ball, location: 2F
1-2: Foul Ball, location: 2F
1-2: Ground out 5-3 (Groundball, 56S, EV 88.8 MPH)
Batting: LHB Mike Fisher 0-0: Ball
1-0: Called Strike
1-1: Swinging Strike
1-2: Foul Ball, location: 2F
1-2: Ball
2-2: Ball
3-2: Foul Ball, location: 2F
3-2: Base on Balls
Batting: RHB Dave Hill 0-0: Called Strike
0-1: Ball
Mike Fisher steals 2nd base
1-1: Foul Ball, location: 2F
1-2: Ball
2-2: Fly out, F8 (Flyball, 8RM, EV 91.2 MPH)
Batting: RHB Jim Robbins 0-0: Ball
1-0: Called Strike
1-1: Foul Ball, location: 2F
1-2: Ball
2-2: Ball
3-2: Strikes out looking
Top of the 5th over - 0 runs, 0 hits, 0 errors, 1 left on base; Cape Coral 0 - Mt. Vernon 4
BOTTOM OF THE 5TH
Mt. Vernon Bulls batting - Pitching for Cape Coral Reefers : RHP Buzzy Grossman
Batting: LHB Ben Bullock 0-0: Ball
1-0: Foul Ball, location: 2F
1-1: Ball
2-1: Ball
3-1: Fly out, F7 (Flyball, 7LS, EV 83.8 MPH)
Batting: RHB Cyrillo Watson 0-0: Ball
1-0: Ball
2-0: Called Strike
2-1: Swinging Strike
2-2: Strikes out looking
Batting: RHB Joe Smith 0-0: Called Strike
0-1: Ball
1-1: Called Strike
1-2: Ball
2-2: Strikes out looking
Bottom of the 5th over - 0 runs, 0 hits, 0 errors, 0 left on base; Cape Coral 0 - Mt. Vernon 4
TOP OF THE 6TH
Cape Coral Reefers batting - Pitching for Mt. Vernon Bulls : RHP Fraser Long
Pitching: RHP Rafael Santiago
Batting: RHB Doug Olsen 0-0: Foul Ball, location: 2F
0-1: Swinging Strike
0-2: Ball
1-2: Strikes out looking
Batting: LHB Pat Carter 0-0: Called Strike
0-1: Ball
1-1: Ball
2-1: Foul Ball, location: 2F
2-2: Ground out 6-3 (Groundball, 6, EV 81.9 MPH)
Batting: LHB Fernando Negrete 0-0: Called Strike
0-1: Swinging Strike
0-2: Ball
1-2: Strikes out swinging
Top of the 6th over - 0 runs, 0 hits, 0 errors, 0 left on base; Cape Coral 0 - Mt. Vernon 4
BOTTOM OF THE 6TH
Mt. Vernon Bulls batting - Pitching for Cape Coral Reefers : RHP Buzzy Grossman
Pitching: RHP Tom Lewis
Batting: RHB Mike O'Neill 0-0: Foul Ball, location: 2F
0-1: Called Strike
0-2: SINGLE (Groundball, 34D, EV 106.2 MPH)
Batting: RHB José González 0-0: Sac Bunt to 13 - play at first, batter OUT! 1-3
Mike O'Neill to second
Batting: RHB Roberto Sánchez 0-0: Called Strike
0-1: Ball
1-1: Ground out 1-3 (Groundball, 23, EV 69.4 MPH)
Mike O'Neill to third
Batting: RHB Claudio Corona 0-0: Called Strike
0-1: Ball
1-1: Foul Ball, location: 2F
1-2: Ball
2-2: Foul Ball, location: 2F
2-2: Ball
3-2: Foul Ball, location: 2F
3-2: Ground out U3 (Groundball, 3, EV 77.5 MPH)
Bottom of the 6th over - 0 runs, 1 hit, 0 errors, 1 left on base; Cape Coral 0 - Mt. Vernon 4
TOP OF THE 7TH
Cape Coral Reefers batting - Pitching for Mt. Vernon Bulls : RHP Rafael Santiago
Batting: LHB Pedro Guerrero 0-0: Ground out 4-3 (Groundball, 4, EV 96.2 MPH)
Batting: RHB Jeff Bowers 0-0: Foul Ball, location: 2F
0-1: Called Strike
0-2: Ball
1-2: Strikes out swinging
Batting: RHB Sadiya Seth 0-0: Fly out, F7 (Flyball, 7LM, EV 96.9 MPH)
Top of the 7th over - 0 runs, 0 hits, 0 errors, 0 left on base; Cape Coral 0 - Mt. Vernon 4
BOTTOM OF THE 7TH
Mt. Vernon Bulls batting - Pitching for Cape Coral Reefers : RHP Tom Lewis
Batting: RHB Ned Lyons 0-0: Ball
1-0: Ball
2-0: Foul Ball, location: 2F
2-1: Ball
3-1: Ground out 5-3 (Groundball, 5, EV 91.9 MPH)
Batting: LHB Ramón Torres 0-0: Ground out U3 (Groundball, 3, EV 81.2 MPH)
Batting: LHB Ben Bullock 0-0: Called Strike
0-1: Fly out, F3 (Line Drive, 3, EV 65.6 MPH)
Bottom of the 7th over - 0 runs, 0 hits, 0 errors, 0 left on base; Cape Coral 0 - Mt. Vernon 4
TOP OF THE 8TH
Cape Coral Reefers batting - Pitching for Mt. Vernon Bulls : RHP Rafael Santiago
Batting: LHB Mike Fisher 0-0: Called Strike
0-1: Ball
1-1: Foul Ball, location: 2F
1-2: Ball
2-2: Ball
3-2: Foul Ball, location: 2F
3-2: Fly out, F7 (Line Drive, 7D, EV 89.4 MPH)
Batting: RHB Dave Hill 0-0: Called Strike
0-1: Foul Ball, location: 2F
0-2: Foul Ball, location: 2F
0-2: Foul Ball, location: 2F
0-2: Strikes out swinging
Batting: RHB Jim Robbins 0-0: Foul Ball, location: 2F
0-1: Ground out 6-3 (Groundball, 6S, EV 83.1 MPH)
Top of the 8th over - 0 runs, 0 hits, 0 errors, 0 left on base; Cape Coral 0 - Mt. Vernon 4
BOTTOM OF THE 8TH
Mt. Vernon Bulls batting - Pitching for Cape Coral Reefers : RHP Tom Lewis
Batting: RHB Cyrillo Watson 0-0: Ball
1-0: Called Strike
1-1: Swinging Strike
1-2: Hit by Pitch
Pitching: RHP Jackson Cluff
Batting: RHB Joe Smith 0-0: Foul Ball, location: 2F
0-1: Foul Ball, location: 2F
0-2: Foul Ball, location: 2F
0-2: Ball
1-2: Strikes out swinging
Batting: RHB Mike O'Neill 0-0: Foul Ball, location: 2F
0-1: Called Strike
0-2: Foul Ball, location: 2F
0-2: Ball
1-2: Fly out, F7 (Flyball, 78S, EV 88.1 MPH)
Batting: RHB José González 0-0: Called Strike
Cyrillo Watson steals 2nd base
0-1: Called Strike
0-2: Foul Ball, location: 2F
0-2: Fly out, F8 (Line Drive, 8LM, EV 93.8 MPH)
Bottom of the 8th over - 0 runs, 0 hits, 0 errors, 1 left on base; Cape Coral 0 - Mt. Vernon 4
TOP OF THE 9TH
Cape Coral Reefers batting - Pitching for Mt. Vernon Bulls : RHP Rafael Santiago
Batting: RHB Doug Olsen 0-0: Ball
1-0: Swinging Strike
1-1: Ball
2-1: Ball
3-1: Swinging Strike
3-2: Strikes out swinging
Pitching: RHP Alastair England
Batting: LHB Pat Carter 0-0: Called Strike
0-1: Foul Ball, location: 2F
0-2: Strikes out looking
Batting: LHB Fernando Negrete 0-0: Called Strike
0-1: Ball
1-1: Ball
2-1: Ball
3-1: Foul Ball, location: 2F
3-2: Ground out 6-3 (Groundball, 6, EV 90.0 MPH)
Top of the 9th over - 0 runs, 0 hits, 0 errors, 0 left on base; Cape Coral 0 - Mt. Vernon 4
Friday, April 17th, 2020 - OOTP Baseball 20.8 Build 74